AA
BLOOMINGTON CARDINALS @ MYRTLE BEACH SHOREBIRDS
06/18/2060
 
TOP OF THE 1ST
Bloomington Cardinals batting - Pitching for Myrtle Beach Shorebirds : RHP Evan Owens
Pitching: RHP Evan Owens
Batting: SHB Davin Baker 0-0: Ground out 6-3 (Groundball, 6M, EV 75.6 MPH)
Batting: RHB Marlon Anderson 0-0: Ball
1-0: Swinging Strike
1-1: Fly out, F7 (Flyball, 7LS, EV 81.9 MPH)
Batting: LHB Andy O'Bryan 0-0: Ball
1-0: Swinging Strike
1-1: Ball
2-1: Swinging Strike
2-2: Foul Ball, location: 2F
2-2: Ball
3-2: Strikes out looking
Top of the 1st over - 0 runs, 0 hits, 0 errors, 0 left on base; Bloomington 0 - Myrtle Beach 0
BOTTOM OF THE 1ST
Myrtle Beach Shorebirds batting - Pitching for Bloomington Cardinals : LHP Blake Cocco
Pitching: LHP Blake Cocco
Batting: RHB Keyon Yamamoto 0-0: SINGLE (Groundball, 4M, EV 110.6 MPH) (infield hit)
Batting: RHB Kevin Dixon 0-0: Fly out, F7 (Flyball, 78M, EV 89.4 MPH)
Batting: RHB Trevor Tyus 0-0: Foul Ball, location: 2F
0-1: Called Strike
0-2: Ball
1-2: Strikes out swinging
Batting: RHB Amani Hansen 0-0: Ball
1-0: Hit by Pitch
Keyon Yamamoto to second
Batting: RHB Brendon Slagle 0-0: Ball
1-0: SINGLE (Line Drive, 89M, EV 105.0 MPH)
Keyon Yamamoto to third
Amani Hansen to second
Batting: LHB Casey Courtney 0-0: Fielders Choice at 2nd, 5-4 (Groundball, 56, EV 87.5 MPH)
Bottom of the 1st over - 0 runs, 2 hits, 0 errors, 3 left on base; Bloomington 0 - Myrtle Beach 0
TOP OF THE 2ND
Bloomington Cardinals batting - Pitching for Myrtle Beach Shorebirds : RHP Evan Owens
Batting: SHB Wade Carter 0-0: Ball
1-0: Called Strike
1-1: Ball
2-1: SINGLE (Line Drive, 89S, EV 111.2 MPH)
Batting: RHB Davey Eastman 0-0: Ball
1-0: Ball
2-0: Ball
3-0: Called Strike
3-1: Fly out, F8 (Flyball, 8LD, EV 106.2 MPH)
Batting: RHB Cody Zimmerman 0-0: Called Strike
0-1: SINGLE (Groundball, P, EV 83.1 MPH) (infield hit)
Wade Carter to second
Batting: RHB Kingsley Kiah 0-0: Fly out, F9 (Flyball, 9, EV 95.6 MPH)
Batting: SHB Weston Borron 0-0: Called Strike
0-1: Called Strike
0-2: Strikes out looking
Top of the 2nd over - 0 runs, 2 hits, 0 errors, 2 left on base; Bloomington 0 - Myrtle Beach 0
BOTTOM OF THE 2ND
Myrtle Beach Shorebirds batting - Pitching for Bloomington Cardinals : LHP Blake Cocco
Batting: RHB Jakob Fleming 0-0: Called Strike
0-1: Fly out, F7 (Flyball, 7S, EV 76.9 MPH)
Batting: RHB Casey Dodd 0-0: Ball
1-0: Called Strike
1-1: SINGLE (Groundball, 56S, EV 68.1 MPH) (infield hit)
Batting: SHB Evan Lind 0-0: Ball
1-0: Fly out, F3 (Popup, 23F, EV 92.5 MPH)
Batting: RHB Keyon Yamamoto 0-0: Ball
1-0: Ball
2-0: DOUBLE (Line Drive, 9LS, EV 89.4 MPH)
Casey Dodd to third
Runner from 3rd tries for Home, SAFE, throw by RF to home
Batting: RHB Kevin Dixon 0-0: Ball
Wild Pitch!
Keyon Yamamoto to third
1-0: Ball
2-0: Ball
3-0: Called Strike
3-1: Called Strike
3-2: Foul Ball, location: 2F
3-2: Fly out, F9 (Flyball, 9D, EV 98.1 MPH)
Bottom of the 2nd over - 1 run, 2 hits, 0 errors, 1 left on base; Bloomington 0 - Myrtle Beach 1
TOP OF THE 3RD
Bloomington Cardinals batting - Pitching for Myrtle Beach Shorebirds : RHP Evan Owens
Batting: RHB Derrick Shannon 0-0: Foul Ball, location: 2F
0-1: Ball
1-1: Fly out, F8 (Flyball, 8LM, EV 84.4 MPH)
Batting: SHB Davin Baker 0-0: Ball
1-0: Ball
2-0: Ball
3-0: Base on Balls
Batting: RHB Marlon Anderson 0-0: Called Strike
0-1: Hit by Pitch
Davin Baker to second
Batting: LHB Andy O'Bryan 0-0: Called Strike
0-1: Ball
1-1: Ball
2-1: SINGLE (Groundball, 6MD, EV 103.1 MPH)
Davin Baker to third
Marlon Anderson to second
Batting: SHB Wade Carter 0-0: Swinging Strike
0-1: Ball
Wild Pitch!
Davin Baker scores
Marlon Anderson to third
Andy O'Bryan to second
1-1: Foul Ball, location: 2F
1-2: Strikes out swinging
Batting: RHB Davey Eastman 0-0: Called Strike
0-1: Foul Ball, location: 2F
0-2: Ball
1-2: Ball
2-2: Ball
3-2: SINGLE (Groundball, 56D, EV 95.6 MPH)
Marlon Anderson scores
Andy O'Bryan to third
Runner from 3rd tries for Home, SAFE, throw by LF to home
Davey Eastman to second
Batting: RHB Cody Zimmerman 0-0: Ball
1-0: Foul Ball, location: 2F
1-1: Ball
2-1: Ball
3-1: Base on Balls
Batting: RHB Kingsley Kiah 0-0: Ball
1-0: Ball
2-0: Ball
3-0: Base on Balls
Davey Eastman to third
Cody Zimmerman to second
Batting: SHB Weston Borron 0-0: Ball
1-0: Fielders Choice at 2nd, 5-4 (Groundball, 56, EV 90.0 MPH)
Top of the 3rd over - 3 runs, 2 hits, 0 errors, 3 left on base; Bloomington 3 - Myrtle Beach 1
BOTTOM OF THE 3RD
Myrtle Beach Shorebirds batting - Pitching for Bloomington Cardinals : LHP Blake Cocco
Batting: RHB Trevor Tyus 0-0: Ball
1-0: Foul Ball, location: 2F
1-1: Foul Ball, location: 2F
1-2: Ball
2-2: Ball
3-2: Foul Ball, location: 2F
3-2: Fly out, F8 (Flyball, 78M, EV 83.1 MPH)
Batting: RHB Amani Hansen 0-0: Fly out, F8 (Flyball, 8LD, EV 103.1 MPH)
Batting: RHB Brendon Slagle 0-0: Called Strike
0-1: Ball
1-1: Ground out 4-3 (Groundball, 4, EV 81.9 MPH)
Bottom of the 3rd over - 0 runs, 0 hits, 0 errors, 0 left on base; Bloomington 3 - Myrtle Beach 1
TOP OF THE 4TH
Bloomington Cardinals batting - Pitching for Myrtle Beach Shorebirds : RHP Evan Owens
Batting: RHB Derrick Shannon 0-0: Swinging Strike
0-1: Ball
1-1: Fly out, F4 (Popup, 34, EV 67.5 MPH)
Batting: SHB Davin Baker 0-0: Called Strike
0-1: SINGLE (Flyball, 78S, EV 96.9 MPH)
Batting: RHB Marlon Anderson 0-0: Ball
1-0: Fielders Choice at 2nd, 1-6 (Groundball, 13S, EV 70.6 MPH)
Batting: LHB Andy O'Bryan 0-0: Ground out 4-3 (Groundball, 34S, EV 80.6 MPH)
Top of the 4th over - 0 runs, 1 hit, 0 errors, 1 left on base; Bloomington 3 - Myrtle Beach 1
BOTTOM OF THE 4TH
Myrtle Beach Shorebirds batting - Pitching for Bloomington Cardinals : LHP Blake Cocco
Batting: LHB Casey Courtney 0-0: Foul Ball, location: 2F
0-1: Swinging Strike
0-2: Foul Ball, location: 2F
0-2: Ball
1-2: Strikes out swinging
Batting: RHB Jakob Fleming 0-0: Ball
1-0: Ball
2-0: Ball
3-0: Called Strike
3-1: Base on Balls
Batting: RHB Casey Dodd 0-0: Called Strike
0-1: Called Strike
0-2: Ball
1-2: Ball
2-2: Strikes out swinging
Batting: SHB Evan Lind 0-0: Called Strike
0-1: Ball
1-1: Swinging Strike
1-2: Foul Ball, location: 2F
1-2: Foul Ball, location: 2F
1-2: Strikes out swinging
Bottom of the 4th over - 0 runs, 0 hits, 0 errors, 1 left on base; Bloomington 3 - Myrtle Beach 1
TOP OF THE 5TH
Bloomington Cardinals batting - Pitching for Myrtle Beach Shorebirds : RHP Evan Owens
Batting: SHB Wade Carter 0-0: Called Strike
0-1: Ball
1-1: Foul Ball, location: 2F
1-2: Strikes out swinging
Batting: RHB Davey Eastman 0-0: Ball
1-0: Ball
2-0: Called Strike
2-1: Foul Ball, location: 2F
2-2: Strikes out swinging
Batting: RHB Cody Zimmerman 0-0: Called Strike
0-1: Ball
1-1: SINGLE (Line Drive, 56D, EV 103.8 MPH)
Batting: RHB Kingsley Kiah 0-0: Called Strike
0-1: Ball
1-1: Ball
2-1: Ground out 6-3 (Groundball, 6S, EV 86.2 MPH)
Top of the 5th over - 0 runs, 1 hit, 0 errors, 1 left on base; Bloomington 3 - Myrtle Beach 1
BOTTOM OF THE 5TH
Myrtle Beach Shorebirds batting - Pitching for Bloomington Cardinals : LHP Blake Cocco
Batting: RHB Keyon Yamamoto 0-0: Foul Ball, location: 2F
0-1: Foul Ball, location: 2F
0-2: Ball
1-2: Strikes out looking
Batting: RHB Kevin Dixon 0-0: Ball
1-0: Ball
2-0: SINGLE (Flyball, 4MD, EV 92.5 MPH)
Batting: RHB Trevor Tyus 0-0: Ball
1-0: Called Strike
Kevin Dixon steals 2nd base
1-1: Ball
2-1: Ball
3-1: Base on Balls
Batting: RHB Amani Hansen 0-0: Ball
1-0: Foul Ball, location: 2F
1-1: Swinging Strike
1-2: Strikes out swinging
Batting: RHB Brendon Slagle 0-0: Fly out, F9 (Flyball, 9D, EV 86.2 MPH)
Bottom of the 5th over - 0 runs, 1 hit, 0 errors, 2 left on base; Bloomington 3 - Myrtle Beach 1
TOP OF THE 6TH
Bloomington Cardinals batting - Pitching for Myrtle Beach Shorebirds : RHP Evan Owens
Batting: SHB Weston Borron 0-0: Called Strike
0-1: Foul Ball, location: 2F
0-2: Strikes out swinging, 2-3 out at first.
Batting: RHB Derrick Shannon 0-0: Ball
1-0: Ball
2-0: Ball
3-0: Called Strike
3-1: Swinging Strike
3-2: Foul Ball, location: 2F
3-2: SINGLE (Groundball, 56D, EV 105.0 MPH)
Batting: SHB Davin Baker 0-0: Ball
1-0: Ball
2-0: Swinging Strike
2-1: Foul Ball, location: 2F
2-2: Foul Ball, location: 2F
2-2: Strikes out looking
Pitching: RHP Abdel McElwee
Batting: RHB Marlon Anderson 0-0: SINGLE (Groundball, 56D, EV 105.6 MPH)
Derrick Shannon to second
Batting: LHB Andy O'Bryan 0-0: Called Strike
0-1: Foul Ball, location: 2F
0-2: Ball
1-2: Strikes out swinging
Top of the 6th over - 0 runs, 2 hits, 0 errors, 2 left on base; Bloomington 3 - Myrtle Beach 1
BOTTOM OF THE 6TH
Myrtle Beach Shorebirds batting - Pitching for Bloomington Cardinals : LHP Blake Cocco
Pitching: LHP Hagen Huerta
Batting: LHB Casey Courtney 0-0: Fly out, F8 (Line Drive, 8RM, EV 105.0 MPH)
Pitching: RHP Cordell Sigler
Batting: RHB Jakob Fleming 0-0: Swinging Strike
0-1: Foul Ball, location: 2F
0-2: Foul Ball, location: 2F
0-2: Ground out 5-3 (Groundball, 5, EV 85.6 MPH)
Batting: RHB Casey Dodd 0-0: Called Strike
0-1: Ball
1-1: Ball
2-1: Foul Ball, location: 2F
2-2: Ball
3-2: Reached on error, E6 (Groundball, 6S, EV 84.4 MPH)
Batting: SHB Evan Lind 0-0: Ball
Casey Dodd steals 2nd base
1-0: Foul Ball, location: 2F
1-1: Called Strike
1-2: Ball
2-2: Strikes out swinging
Bottom of the 6th over - 0 runs, 0 hits, 1 error, 1 left on base; Bloomington 3 - Myrtle Beach 1
TOP OF THE 7TH
Bloomington Cardinals batting - Pitching for Myrtle Beach Shorebirds : RHP Abdel McElwee
Batting: SHB Wade Carter 0-0: Fly out, F7 (Flyball, 7D, EV 80.6 MPH)
Batting: RHB Davey Eastman 0-0: Ball
1-0: Called Strike
1-1: Ball
2-1: Ground out 5-3 (Groundball, 5, EV 86.2 MPH)
Batting: RHB Cody Zimmerman 0-0: Ball
1-0: Ball
2-0: Foul Ball, location: 2F
2-1: Ground out 4-3 (Groundball, 4, EV 105.0 MPH)
Top of the 7th over - 0 runs, 0 hits, 0 errors, 0 left on base; Bloomington 3 - Myrtle Beach 1
BOTTOM OF THE 7TH
Myrtle Beach Shorebirds batting - Pitching for Bloomington Cardinals : RHP Cordell Sigler
Batting: RHB Keyon Yamamoto 0-0: Foul Ball, location: 2F
0-1: Foul Ball, location: 2F
0-2: Foul Ball, location: 2F
0-2: Ball
1-2: Fly out, F8 (Flyball, 78M, EV 93.1 MPH)
Batting: RHB Kevin Dixon 0-0: Swinging Strike
0-1: Fly out, F8 (Flyball, 8RM, EV 85.0 MPH)
Batting: RHB Trevor Tyus 0-0: Called Strike
0-1: Ball
1-1: Swinging Strike
1-2: Foul Ball, location: 2F
1-2: Ground out 5-3 (Groundball, 5S, EV 87.5 MPH)
Bottom of the 7th over - 0 runs, 0 hits, 0 errors, 0 left on base; Bloomington 3 - Myrtle Beach 1
TOP OF THE 8TH
Bloomington Cardinals batting - Pitching for Myrtle Beach Shorebirds : RHP Abdel McElwee
Batting: RHB Kingsley Kiah 0-0: Called Strike
0-1: Foul Ball, location: 2F
0-2: Foul Ball, location: 2F
0-2: Ball
1-2: Ball
2-2: Foul Ball, location: 2F
2-2: Foul Ball, location: 2F
2-2: Ball
3-2: DOUBLE (Line Drive, 3D, EV 97.5 MPH)
Batting: SHB Weston Borron 0-0: Ball
1-0: Sac Bunt to 3S - play at first, batter OUT! 3-4
Kingsley Kiah to third
Batting: RHB Derrick Shannon 0-0: Called Strike
0-1: Swinging Strike
0-2: Foul Ball, location: 2F
0-2: Ball
1-2: Foul Ball, location: 2F
1-2: Ball
2-2: Ball
3-2: Strikes out looking
Batting: SHB Davin Baker 0-0: 2-RUN HOME RUN (Flyball, 78XD, EV 116.2 MPH), Distance : 445 ft
Batting: RHB Marlon Anderson 0-0: Ball
1-0: Ball
2-0: SINGLE (Line Drive, 7LS, EV 109.4 MPH)
Batting: LHB Andy O'Bryan 0-0: Ball
1-0: Ball
2-0: Ball
3-0: Base on Balls
Marlon Anderson to second
Batting: SHB Wade Carter 0-0: Foul Ball, location: 2F
0-1: Called Strike
0-2: Ball
1-2: Strikes out swinging
Top of the 8th over - 2 runs, 3 hits, 0 errors, 2 left on base; Bloomington 5 - Myrtle Beach 1
BOTTOM OF THE 8TH
Myrtle Beach Shorebirds batting - Pitching for Bloomington Cardinals : RHP Cordell Sigler
Now at C: Alden Lane
Now at 2B: Cody Zimmerman
Now at 3B: Jayden Marotta
Batting: RHB Amani Hansen 0-0: Foul Ball, location: 2F
0-1: Ball
1-1: Foul Ball, location: 2F
1-2: Ground out 4-3 (Groundball, 4, EV 104.4 MPH)
Batting: RHB Brendon Slagle 0-0: Called Strike
0-1: Ball
1-1: Swinging Strike
1-2: Foul Ball, location: 2F
1-2: Strikes out swinging
Batting: LHB Casey Courtney 0-0: Ball
1-0: Called Strike
1-1: Ball
2-1: Fly out, F7 (Flyball, 7S, EV 83.8 MPH)
Bottom of the 8th over - 0 runs, 0 hits, 0 errors, 0 left on base; Bloomington 5 - Myrtle Beach 1
TOP OF THE 9TH
Bloomington Cardinals batting - Pitching for Myrtle Beach Shorebirds : RHP Abdel McElwee
Batting: LHB Jayden Marotta 0-0: Ball
1-0: Ball
2-0: Swinging Strike
2-1: SINGLE (Groundball, 4MD, EV 100.0 MPH)
Pitching: RHP Logan Dent
Batting: RHB Cody Zimmerman 0-0: Foul Ball, location: 2F
0-1: Foul Ball, location: 2F
0-2: Ball
1-2: Ball
2-2: Fly out, F8 (Line Drive, 8RD, EV 101.2 MPH)
Batting: RHB Kingsley Kiah 0-0: Ball
1-0: Called Strike
1-1: Foul Ball, location: 2F
1-2: Grounds into double play, 1-6-3 (Groundball, 13S, EV 69.4 MPH)
Top of the 9th over - 0 runs, 1 hit, 0 errors, 0 left on base; Bloomington 5 - Myrtle Beach 1
BOTTOM OF THE 9TH
Myrtle Beach Shorebirds batting - Pitching for Bloomington Cardinals : RHP Cordell Sigler
Batting: RHB Jakob Fleming 0-0: Foul Ball, location: 2F
0-1: Ball
1-1: Ball
2-1: Ball
3-1: Base on Balls
Pitching: LHP Wayland Pond
Batting: RHB Casey Dodd 0-0: Foul Ball, location: 2F
0-1: Fly out, F9 (Flyball, 9, EV 88.8 MPH)
Batting: SHB Evan Lind 0-0: Grounds into double play, 5-4-3 (Groundball, 56S, EV 80.6 MPH)
Bottom of the 9th over - 0 runs, 0 hits, 0 errors, 0 left on base; Bloomington 5 - Myrtle Beach 1
Thursday, May 9th , 2024 - OOTP Baseball 23.10 Build 110